 Dungeon Crawl Stone Soup version 0.31-a0-845-g9abc20d24f (webtiles) character file.

Game seed: 16897421140009738586

64 BinkBink the Shooter (level 3, 0/21 HPs)
             Began as a Deep Elf Hunter on Oct 3, 2023.
             Slain by an adder (3 damage)
             ... on level 3 of the Dungeon.
             The game lasted 00:02:11 (1493 turns).

BinkBink the Shooter (Deep Elf Hunter)              Turns: 1493, Time: 00:02:12

Health: 0/21       AC:  0    Str: 14    XL:     3   Next: 91%
Magic:  7/7        EV: 13    Int: 13    God:
Gold:   106        SH:  0    Dex: 20    Spells: 5/5 levels left

rFire   . . .        a - +0 shortbow
rCold   . . .        (shield currently unavailable)
rNeg    . . .        (no body armour)
rPois   .            (no helmet)
rElec   .            (no cloak)
rCorr   .            (no gloves)
SInv    .            (no boots)
Will    .....        (no amulet)
Stlth   ++           e - +6 ring of strength
HPRegen 0.23/turn    (no ring)
MPRegen 0.10/turn

%: no passive effects
@: no status effects
A: no striking features
a: no special abilities


You were on level 3 of the Dungeon.
You visited 1 branch of the dungeon, and saw 3 of its levels.

You collected 106 gold pieces.

Inventory:

Hand Weapons
 a - a +0 shortbow (weapon)
Jewellery
 e - a +6 ring of strength (left hand)
Scrolls
 b - 2 scrolls of butterflies
 g - a scroll of vulnerability {unknown}
 h - 3 scrolls of identify {unknown}
Potions
 d - a potion of lignification {unknown}
 f - a potion of ambrosia {unknown}
 i - a potion of brilliance {unknown}


   Skills:
 + Level 2.2 Fighting
 * Level 6.5 Ranged Weapons
 - Level 2.4 Dodging
 - Level 1.2 Stealth
 + Level 1.8 Spellcasting


You had 5 spell levels left.
You didn't know any spells.
Your spell library contained the following spells:

 Spells                   Type           Power      Damage    Failure   Level
 Sting                    Tmut/Pois      4%         1d3       26%         1
 Poisonous Vapours        Pois/Air       2%         N/A       36%         2
 Mephitic Cloud           Conj/Pois/Air  1%         N/A       61%         3
 Olgreb's Toxic Radiance  Pois           1%         N/A       95%         4
 Freezing Cloud           Conj/Ice/Air   0%         6-21      100%        5


Dungeon Overview and Level Annotations

Branches:
Dungeon (3/15)

Altars:
Okawaru


Message History

You kill the jackal!
The adder barely misses you.
You shoot an arrow. The arrow misses the adder.
The arrow hits the bat.
You kill the bat!
The adder bites you.
You shoot an arrow. The arrow closely misses the adder.
The arrow hits the kobold.
You kill the kobold!
The adder barely misses you. The adder bites you.
You are poisoned.
The adder poisons you!
You shoot an arrow. The arrow hits the adder.
The adder is moderately wounded.
You feel sick. The adder bites you.
You are too injured to fight recklessly!
You are too injured to fight recklessly!
You are too injured to fight recklessly!
Fire: a) +0 shortbow
Press: ? - help, Q - select action Shift-Dir - straight line, f/p - adder
Aim: an adder (moderately wounded, 51% to hit)
You shoot an arrow. The arrow closely misses the adder.
You feel sick. The adder bites you.
* * * LOW HITPOINT WARNING * * *
The adder misses you.
You feel better. The adder bites you.
Fire: a) +0 shortbow
Press: ? - help, Q - select action Shift-Dir - straight line, f/p - adder
Aim: an adder (moderately wounded, 51% to hit)
You shoot an arrow.
The arrow hits the adder but does no damage.
The adder is moderately wounded.
The adder bites you.
Fire: a) +0 shortbow
Press: ? - help, Q - select action Shift-Dir - straight line, f/p - adder
Aim: an adder (moderately wounded, 51% to hit)
You shoot an arrow. The arrow barely misses the adder.
The adder bites you.
* * * LOW HITPOINT WARNING * * *
The adder bites you.
You die...

..####### #.# ........#
#####.#####
..)####.###...).....#
....###..##...†......
#......##.......... #
#.###.....†........
..#.##.###..............
#.......................
###....@###.##..........
#.#..S##......#.....## #
##...#.##.....#%..#
##.... #.........# #)..)
...#.....##
....###.......#### .....
...#.......# ...... (
#....##.# .....##.##.#


You could see an adder.

Vanquished Creatures
  2 adders
  A worm (D:2)
  2 endoplasms (D:1)
  3 giant cockroaches
  5 goblins
  A hobgoblin (D:3)
  A jackal (D:3)
  6 kobolds
  3 quokkas
  3 ball pythons (D:2)
  6 bats
  4 frilled lizards
  5 rats
42 creatures vanquished.

Notes
Turn   | Place    | Note
-------+----------+-------------------------------------------
     0 | D:1      | BinkBink the Deep Elf Hunter began the quest for the Orb.
     0 | D:1      | Reached XP level 1. HP: 12/12 MP: 3/3
   108 | D:1      | Reached XP level 2. HP: 17/17 MP: 4/4
   716 | D:2      | Found an iron altar of Okawaru.
   740 | D:2      | Reached skill level 6 in Ranged Weapons
   818 | D:2      | Reached skill level 1 in Spellcasting
   938 | D:2      | Reached XP level 3. HP: 21/21 MP: 6/6
  1493 | D:3      | Slain by an adder

Illustrated notes

Levels and vault maps discovered:
D:1:      doesnt_arrival_eight_statues, layout_loops_cross, dk_noncrumbling_3
D:2:      layout_loops_ring, basic_altar
D:3:      layout_rooms

Skill      XL: |  1  2 |
---------------+-------+-----
Fighting       | 2 |  2.2
Ranged Weapons | 6 |  6.5
Spellcasting   | 1 |  1.8
Dodging        | |  2.4
Stealth        | |  1.2

Action                     || total
---------------------------++-------
   Fire: Shortbow          ||   110
    Use: Potion            ||     2
 Armour: Skin              ||    19
  Dodge: Dodged            ||    22

Table legend: (Time is in decaauts)
 A = Elapsed time spent in this place.
 B = Non-inter-level travel time spent in this place.
 C = Inter-level travel time spent in this place.
 D = Time resting spent in this place.
 E = Time spent auto-exploring this place.
 F = Levels seen in this place.
 G = Mean time per level.
                   A        B        C        D        E       F      G
               +--------+--------+--------+--------+--------+-----+--------+
         Total |   1502 |   1420 |     82 |      0 |   1212 |   3 |  500.7 |
       Dungeon |   1502 |   1420 |     82 |      0 |   1212 |   3 |  500.7 |
               +--------+--------+--------+--------+--------+-----+--------+

Top non-repeatable levels by time:
     D:1: 716 daAuts
     D:2: 618 daAuts
     D:3: 167 daAuts
